 Dungeon Crawl Stone Soup version 0.28-a0-381-g937acc2988 (webtiles) character file.

Game seed: 15457175966105403993

493 funkygono the Slasher (level 6, -6/56 HPs)
             Began as a Minotaur Fighter on Sept 1, 2021.
             Mangled by a killer bee (8 damage)
             ... on level 5 of the Dungeon.
             The game lasted 00:04:36 (3451 turns).

funkygono the Slasher (Minotaur Fighter)            Turns: 3451, Time: 00:04:37

Health: -6/56      AC: 10    Str: 23    XL:     6   Next: 92%
Magic:  5/5        EV:  8    Int:  5    God:
Gold:   113        SH:  4    Dex:  9    Spells: 5/5 levels left

rFire   . . .      SeeInvis .   a - +1 long sword
rCold   . . .      Faith    .   c - +0 buckler
rNeg    . . .      Spirit   .   g - +0 chain mail
rPois   .          Reflect  .   (helmet restricted)
rElec   .          Harm     .   (no cloak)
rCorr   .          Rampage  .   (no gloves)
Will    .....                   (no boots)
Stlth   ..........              (no amulet)
HPRegen 0.18/turn               (no ring)
MPRegen 0.09/turn               (no ring)

@: no status effects
A: horns 2, retaliatory headbutt
a: no special abilities


You were on level 5 of the Dungeon.
You visited 1 branch of the dungeon, and saw 5 of its levels.

You collected 113 gold pieces.

Inventory:

Hand Weapons
 a - a +1 long sword (weapon)
Missiles
 f - 2 atropa-tipped darts (quivered)
 j - 92 stones
Armour
 c - a +0 buckler (worn)
 g - a +0 chain mail (worn)
Scrolls
 k - a scroll of enchant armour
Potions
 d - a potion of might
 e - 3 potions of curing
 h - 2 potions of heal wounds {unknown}
 i - 2 potions of haste {unknown}
 n - 2 potions of magic {unknown}


   Skills:
 + Level 5.0 Fighting
 + Level 5.9 Long Blades
 + Level 0.1 Throwing
 + Level 5.5 Armour
 + Level 1.1 Dodging
 + Level 5.1 Shields


You had 5 spell levels left.
You didn't know any spells.
Your spell library contained the following spells:

 Spells                   Type           Power      Damage    Failure   Level
 Gell's Gravitas          Tloc           0%         N/A       100%        3
 Lesser Beckoning         Tloc           0%         N/A       100%        3
 Teleport Other           Tloc           0%         N/A       100%        3


Dungeon Overview and Level Annotations

Branches:
Dungeon (5/15)
 Temple: D:4-7

Altars:
Elyvilon


Innate Abilities, Weirdness & Mutations

You have a pair of horns on your head.
You reflexively headbutt those who attack you in melee.


Message History

The killer bee closely misses you. You furiously retaliate!
You headbutt the killer bee. You miss the killer bee.
Your headbutt misses the killer bee.
The killer bee is heavily wounded.
You feel very sick.
The killer bee stings you but does no damage.
The killer bee stings you.
* * * LOW HITPOINT WARNING * * *
You barely miss the killer bee.
The killer bee is heavily wounded.
* * * LOW HITPOINT WARNING * * *
You feel very sick. The killer bee barely misses you. You furiously retaliate!
You headbutt the killer bee.
The killer bee stings you but does no damage.
You miss the killer bee. Your headbutt misses the killer bee.
The killer bee is almost dead.
You feel sick.
The killer bee barely misses you. x2; You furiously retaliate!
You headbutt the killer bee.
You kill the killer bee!
You hit the killer bee but do no damage.
You headbutt the killer bee!
The killer bee is severely wounded.
You feel sick. The killer bee barely misses you.
You block the killer bee's attack.
You closely miss the killer bee.
The killer bee is severely wounded.
You feel sick. The killer bee stings you.
* * * LOW HITPOINT WARNING * * *
The killer bee stings you.
* * * LOW HITPOINT WARNING * * *
The killer bee stings you but does no damage.
It was a potion of curing.
You feel better. The killer bee stings you.
* * * LOW HITPOINT WARNING * * *
The killer bee stings you.
* * * LOW HITPOINT WARNING * * *
You slash the killer bee!
You kill the killer bee!
The killer bee stings you!
You die...

#..... #....
#### #... .
##..###..## ..
###....##...##.#
#...#...#......#
##..##..†...#
###.#####..##
###..)#####@##
#........##y#
##.<.#.......
#####........
.........
#.........
##..<......
###........


You could see a killer bee.

Vanquished Creatures
  A necrophage (D:4)
  A centaur (D:5)
  3 killer bees (D:5)
  A howler monkey (D:5)
  A hound (D:3)
  A jelly (D:4)
  6 adders
  2 adder skeletons
  A worm (D:2)
  2 dart slugs
  3 orcs (D:4)
  9 endoplasms
  4 giant cockroaches
  6 goblins
  3 hobgoblins
  8 jackals
  5 quokkas
  8 ball pythons
  4 bats
  A frilled lizard (D:3)
  6 kobolds
  7 rats
83 creatures vanquished.

Notes
Turn   | Place    | Note
-------+----------+-------------------------------------------
     0 | D:1      | funkygono the Minotaur Fighter began the quest for the Orb.
     0 | D:1      | Reached XP level 1. HP: 19/19 MP: 0/0
   133 | D:1      | Found a faded altar of an unknown god.
   302 | D:1      | Reached XP level 2. HP: 27/27 MP: 1/1
  1108 | D:2      | Reached XP level 3. HP: 32/33 MP: 2/2
  1700 | D:2      | Reached XP level 4. HP: 40/40 MP: 3/3
  2395 | D:3      | Reached XP level 5. HP: 37/47 MP: 4/4
  2881 | D:4      | Noticed a necrophage
  2899 | D:4      | Killed a necrophage
  2958 | D:4      | Reached skill level 5 in Long Blades
  3085 | D:4      | Reached skill level 5 in Armour
  3085 | D:4      | Reached skill level 1 in Dodging
  3085 | D:4      | Reached XP level 6. HP: 44/53 MP: 5/5
  3200 | D:4      | Found a white marble altar of Elyvilon.
  3361 | D:5      | Entered Level 5 of the Dungeon
  3425 | D:5      | Reached skill level 5 in Shields
  3443 | D:5      | Reached skill level 5 in Fighting
  3449 | D:5      | HP: 1/56 [killer bee (2)]
  3451 | D:5      | Mangled by a killer bee

Illustrated notes

Levels and vault maps discovered:
D:1:      amcnicky_arrival_blooded_trapdoor, layout_basic,
          hellmonk_ecumenical_altar_prayer_group
D:2:      layout_basic, kennysheep_decorative_pillar
D:3:      layout_basic, serial_corexii_hall, corexii_hall_statues_x,
          chequers_hall_statues_y
D:4:      layout_cave_pools, elyvilon_altar_5
D:5:      layout_cave_pools, mainiacjoe_overflow_alcove_4, uniq_pikel

Skill      XL: |  1  2  3  4  5  6 |
---------------+-------------------+-----
Fighting       | 4 5 |  5.0
Armour         | 4 5 |  5.5
Shields        | 4 5 |  5.1
Long Blades    | 3 4 5 |  5.9
Dodging        | 1 |  1.1
Throwing       | |  0.1

Action                   |  1- 3 |  4- 6 || total
-------------------------+-------+-------++-------
Melee: Long sword        |    85 |   120 ||   205
       Headbutt          |    13 |    17 ||    30
Throw: Stone             |     2 |       ||     2
       Dart              |     2 |       ||     2
  Use: Scroll            |       |     6 ||     6
       Potion            |       |     1 ||     1
Armor: Scale mail        |    32 |    29 ||    61
       Chain mail        |       |    41 ||    41
Dodge: Dodged            |    39 |    62 ||   101
Block: Buckler           |    21 |    34 ||    55

Table legend: (Time is in decaauts)
 A = Elapsed time spent in this place.
 B = Non-inter-level travel time spent in this place.
 C = Inter-level travel time spent in this place.
 D = Time resting spent in this place.
 E = Time spent auto-exploring this place.
 F = Levels seen in this place.
 G = Mean time per level.
                   A        B        C        D        E       F      G
               +--------+--------+--------+--------+--------+-----+--------+
         Total |   3495 |   3350 |    145 |      0 |   2736 |   5 |  699.0 |
       Dungeon |   3495 |   3350 |    145 |      0 |   2736 |   5 |  699.0 |
               +--------+--------+--------+--------+--------+-----+--------+

Top non-repeatable levels by time:
     D:1: 1091 daAuts
     D:3: 884 daAuts
     D:2: 789 daAuts
     D:4: 636 daAuts
     D:5: 92 daAuts
